 Dungeon Crawl Stone Soup version 0.26-a0-52-gd53d4cd058 (webtiles) character file.

Game seed: 5890452384617402369

3749 Gargoyl the Chopper (level 9, 0/81 HPs)
             Began as a Centaur Abyssal Knight on June 5, 2020.
             Was an Elder of Lugonu.
             Killed by the air
             ... invoked by Gastronok
              (27 damage)
             ... on level 8 of the Dungeon.
             The game lasted 00:15:30 (11249 turns).

Gargoyl the Chopper (Centaur Abyssal Knight)       Turns: 11249, Time: 00:15:31

Health: 0/81       AC: 16    Str: 16    XL:     9   Next: 93%
Magic:  13/13      EV:  6    Int: 11    God:    Lugonu [****..]
Gold:   262        SH:  4    Dex: 11    Spells: 8/8 levels left

rFire    + . .     SeeInvis .   B - +3 war axe (elec)
rCold    . . .     Gourm    .   k - +0 buckler
rNeg     . . .     Faith    .   e - +3 chain mail {rPois}
rPois    +         Spirit   .   (no helmet)
rElec    .         Reflect  .   y - +0 cloak
rCorr    .         Harm     .   h - +2 pair of gloves
MR       .....                  (no barding)
Stlth    ..........             m - amulet of the acrobat
HPRegen  0.23/turn              s - ring of protection from fire
MPRegen  0.13/turn              (no ring)

@: very quick
A: large, hooves 3, deformed body, speed 2, robust 1, screaming 1, tough skin 3,
no potion heal 1
a: Depart the Abyss, Bend Space, Banish, Corrupt, Renounce Religion


You were on level 8 of the Dungeon.
You worshipped Lugonu.
Lugonu was greatly pleased with you.
You were hungry.

You visited 1 branch of the dungeon, and saw 9 of its levels.
You visited the Abyss 1 time.

You collected 262 gold pieces.

Inventory:

Hand Weapons
 a - a +1 hand axe
 B - a +3 war axe of electrocution (weapon)
Missiles
 j - 5 silver javelins (quivered)
 x - 8 javelins
Armour
 e - a +3 chain mail of poison resistance (worn)
 h - a +2 pair of gloves (worn)
 k - a +0 buckler (worn)
 y - a +0 cloak (worn)
Jewellery
 m - an amulet of the acrobat (around neck)
 s - a ring of protection from fire (left hand)
 z - an uncursed ring of protection from cold {unknown}
Wands
 d - a wand of iceblast (2)
 o - a wand of digging (5)
 A - a wand of random effects (25)
Scrolls
 f - 3 scrolls of fear
 g - 2 scrolls of identify
 i - 2 scrolls of teleportation
 q - 4 scrolls of remove curse
 r - 2 scrolls of fog
 t - 2 scrolls of immolation
Potions
 b - 3 potions of magic
 l - 2 potions of brilliance
 n - a potion of lignification {unknown}
 p - a potion of haste
 u - a potion of curing
 v - a potion of stabbing {unknown}
 w - a potion of heal wounds
Comestibles
 c - 18 rations


   Skills:
 + Level 5.3 Fighting
   Level 1.2 Long Blades
 + Level 6.4 Axes
 + Level 2.5 Throwing
 * Level 6.1 Armour
 * Level 4.2 Dodging
 + Level 1.7 Shields
 * Level 6.0 Invocations
 + Level 0.3 Evocations


You had 8 spell levels left.
You didn't know any spells.
Your spell library contained the following spells:

 Spells                   Type           Power        Failure   Level  Hunger
 Beastly Appendage        Tmut           #.....       99%         1    ##.....
 Magic Dart               Conj           #...         99%         1    ##.....
 Shock                    Conj/Air       #...         99%         1    ##.....
 Blink                    Tloc           N/A          100%        2    ###....
 Call Imp                 Summ           #.......     100%        2    ###....
 Slow                     Hex            #.......     100%        2    ###....
 Sticks to Snakes         Tmut           #.......     100%        2    ###....
 Conjure Flame            Conj/Fire      #.......     100%        3    ####...
 Mephitic Cloud           Conj/Pois/Air  #.......     100%        3    ####...
 Spider Form              Tmut/Pois      #.........   100%        3    ####...
 Stone Arrow              Conj/Erth      #.....       100%        3    ####...
 Ice Form                 Ice/Tmut       #.......     100%        4    #####..
 Sticky Flame             Conj/Fire      #.......     100%        4    #####..
 Blade Hands              Tmut           #.........   100%        5    ######.
 Bolt of Magma            Conj/Fire/Erth #.........   100%        5    ######.
 Orb of Destruction       Conj           #.........   100%        7    #######


Dungeon Overview and Level Annotations

Branches:
Dungeon (9/15)             Temple (0/1) D:4
   Lair: D:8-11         Orc: D:9-12

Altars:
Cheibriados
Dithmenos
Fedhas
Gozag
Kikubaaqudgha
Okawaru
Qazlal

Shops:
D:4 =

Annotations:
D:8 Gastronok
D:9 4 runed translucent doors


Innate Abilities, Weirdness & Mutations

You have hooves in place of feet.
Armour fits poorly on your strangely shaped body.
You cover ground very quickly.
You have extremely tough skin. (AC +3)
You are robust. (+10% HP)
You occasionally shout uncontrollably at your foes.
Potions are less effective at restoring your health.


Message History

You hit Gastronok. You kick Gastronok.
Gastronok is heavily wounded.
Gastronok barely misses you.
You slash Gastronok!
Gastronok is heavily wounded.
Gastronok bites you!!
Unknown command.
You slash Gastronok! Lightning courses through Gastronok!
Gastronok is severely wounded.
You hit Gastronok. Lightning courses through Gastronok!
Gastronok is severely wounded.
Gastronok bubbles merrily.
Unknown command.
You slash Gastronok!
Gastronok is almost dead.
You hit Gastronok. Lightning courses through Gastronok!
Gastronok is almost dead.
Gastronok waves his eye-stalks in wide circles.
The air twists around and strikes you!!
You die...

##.(......# #.....
####.....###############
#..... ........†.........#
#.....
...........#.....#####.....
...........###.............
...................###..#.)
...........##.##..## #.###)
..........w......#####.....
..........@..........#....)
#..............†...........
............<....#......
..#...##......##....#... #
#...##......##....#...
................##.....
#..##.........##........
### ###......(#........#
##...........#....#


You could see Gastronok.

Vanquished Creatures
  Prince Ribbit (D:5)
  A spriggan (D:7)
  2 orc warriors
  A necrophage (D:5)
  2 phantoms
  2 ice beasts (D:7)
  2 sky beasts
  An ogre (D:6)
  6 centaurs
  A crocodile (D:8)
  A big kobold (D:8)
  A gnoll sergeant (D:6)
  4 bullfrogs (D:6)
  2 scorpions (D:8)
  A wyvern skeleton (D:6)
  2 howler monkeys (D:8)
  2 crimson imps (D:8)
  A bullfrog zombie (D:8)
  Crazy Yiuf (D:7)
  4 hounds
  4 jellies
  3 orc priests
  4 orc wizards
  2 centaur skeletons (D:6)
  4 worker ants
  Ijyb (D:5)
  3 hound skeletons
  2 worker ant zombies
  10 adders
  17 gnolls
  2 shadow imps
  2 adder zombies (D:8)
  6 worms
  A dart slug (D:3)
  2 leopard geckos
  17 orcs
  13 bats
  2 bat zombies (D:5)
  7 giant cockroaches
  4 hobgoblins
  12 jackals
  3 quokkas
  2 ball pythons
  5 frilled lizards
  A giant cockroach zombie (D:6)
  11 goblins
  8 kobolds
  15 rats
  A rat zombie (D:5)
202 creatures vanquished.

Vanquished Creatures (others)
  An orc warrior (D:5)
  An ogre (D:6)
2 creatures vanquished.

Grand Total: 204 creatures vanquished

Notes
Turn   | Place    | Note
-------+----------+-------------------------------------------
     0 | Abyss:1  | Gargoyl the Centaur Abyssal Knight began the quest for the
                  | Orb.
     0 | Abyss:1  | Reached XP level 1. HP: 19/19 MP: 2/2
    68 | Abyss:1  | Noticed a purple draconian
    69 | D:1      | Escaped the Abyss
    96 | D:1      | Reached * piety under Lugonu
   398 | D:1      | Reached skill level 1 in Dodging
   536 | D:1      | Reached XP level 2. HP: 26/26 MP: 3/3
  1097 | D:2      | Reached XP level 3. HP: 31/31 MP: 4/4
  1176 | D:2      | Reached ** piety under Lugonu
  1686 | D:2      | Reached XP level 4. HP: 38/38 MP: 5/5
  2423 | D:3      | Reached *** piety under Lugonu
  2942 | D:3      | Found a stormy altar of Qazlal.
  3010 | D:4      | Reached XP level 5. HP: 27/45 MP: 7/7
  3129 | D:4      | Noticed a phantom
  3151 | D:4      | Killed a phantom
  3321 | D:3      | HP: 2/46 [poisoned by a worker ant]
  3329 | D:3      | HP: 1/46 [poisoned by a worker ant]
  3631 | D:4      | Reached XP level 6. HP: 45/52 MP: 8/8
  3761 | D:4      | Found a shadowy altar of Dithmenos.
  3869 | D:4      | Found Zuwevvas's Jewellery Shop.
  3995 | D:4      | You fall into a shaft and drop 3 floors!
  4013 | D:6      | Reached skill level 1 in Throwing
  4267 | D:5      | Entered Level 5 of the Dungeon
  4358 | D:5      | Reached XP level 7. HP: 58/58 MP: 9/9
  4849 | D:5      | Noticed Prince Ribbit
  4877 | D:5      | Killed Prince Ribbit
  4877 | D:5      | Reached skill level 1 in Shields
  5024 | D:5      | Found a snail-covered altar of Cheibriados.
  5053 | D:5      | Noticed Ijyb
  5063 | D:5      | Killed Ijyb
  5213 | D:5      | Reached **** piety under Lugonu
  5375 | D:5      | Reached XP level 8. HP: 45/65 MP: 11/11
  5611 | D:4      | Found a staircase to the Ecumenical Temple.
  5968 | D:5      | Found an ancient bone altar of Kikubaaqudgha.
  7071 | D:6      | HP: 1/66 [ogre/+0 giant club (14)]
  7399 | D:6      | Reached skill level 5 in Axes
  8109 | D:6      | Gained mutation: You occasionally shout uncontrollably at
                  | your foes. [potion of mutation]
  8109 | D:6      | Gained mutation: Potions are less effective at restoring
                  | your health. [potion of mutation]
  8109 | D:6      | Gained mutation: You are robust. (+10% HP) [potion of
                  | mutation]
  8207 | D:6      | Reached skill level 5 in Armour
  8209 | D:6      | Found an iron altar of Okawaru.
  8223 | D:6      | Reached skill level 5 in Invocations
  8227 | D:6      | Reached XP level 9. HP: 33/79 MP: 12/12
  8956 | D:7      | Found an opulent altar of Gozag.
  9376 | D:7      | Found a runed translucent door.
  9377 | D:7      | Noticed Crazy Yiuf
  9750 | D:7      | Killed Crazy Yiuf
  9995 | D:8      | Reached skill level 5 in Fighting
 10008 | D:8      | Reached skill level 1 in Long Blades
 10350 | D:8      | Identified Goxerhua's Collected Works on Attacks
 10399 | D:8      | You fall into a shaft and drop 1 floor!
 10596 | D:9      | Found a runed translucent door.
 10600 | D:9      | Found a runed translucent gate.
 10600 | D:9      | Found a runed translucent gate.
 10646 | D:9      | Found a runed translucent gate.
 10750 | D:8      | Found a blossoming altar of Fedhas.
 11203 | D:8      | Noticed Gastronok
 11249 | D:8      | Killed from afar by Gastronok

Illustrated notes

Levels and vault maps discovered:
D:1:      eino_arrival_cavern_d, layout_basic, minmay_pentomino_o4
D:2:      layout_rooms, first_ration
D:3:      layout_loops_ring, nicolae_qazlal_eye_of_the_storm, chequers_jeans
D:4:      layout_loops_ring, old_standard_altar, minmay_temple_entry_hall,
          serial_shops, shop_statue
D:5:      layout_loops_ring, lemuel_zombie_altar_kikubaaqudgha,
          kennysheep_mini_moat, uniq_prince_ribbit1, uniq_ijyb
D:6:      layout_cave_pods, okawaru_metal_pillars_1_2, skrybe_limestone_x,
          nrook_mini_vaults, tgw_xom
D:7:      layout_basic, lemuel_round_altar, the_bakery, uniq_crazy_yiuf_cottage
D:8:      kennysheep_windowed_halls, layout_cave_pools, old_standard_altar,
          minmay_misc_feat_encased, uniq_gastronok
D:9:      layout_basic, minmay_guarded_unrand_staff_of_olgreb

Skill      XL: |  1  2  3  4  5  6  7  8  9 |
---------------+----------------------------+-----
Dodging        | 1 2 3 4 |  4.2
Axes           | 2 3 4 5 6 |  6.4
Armour         | 2 3 5 6 |  6.1
Invocations    | 3 4 5 6 |  6.0
Throwing       | 1 2 |  2.5
Fighting       | 4 5 |  5.3
Shields        | 1 |  1.7
Long Blades    | 1 |  1.2
Evocations     | |  0.3

Action                   |  1- 3 |  4- 6 |  7- 9 || total
-------------------------+-------+-------+-------++-------
Melee: Hand axe          |   142 |   220 |   297 ||   659
       Kick              |    12 |    47 |   134 ||   193
       Falchion          |       |       |    98 ||    98
       War axe           |       |       |    82 ||    82
Throw: Javelin           |       |    14 |    16 ||    30
Invok: Depart the Abyss  |     1 |       |       ||     1
       Banish            |       |       |     2 ||     2
Evoke: Wand              |       |       |     4 ||     4
  Use: Potion            |     1 |       |     2 ||     3
       Scroll            |     6 |     6 |    10 ||    22
  Eat: Chunk             |     2 |     4 |    16 ||    22
       Ration            |       |     1 |     1 ||     2
Armor: Chain mail        |   185 |   233 |   412 ||   830
Dodge: Dodged            |    33 |    80 |   171 ||   284
Block: Buckler           |       |    31 |    84 ||   115
       Rpst.: Falchion   |       |       |    19 ||    19

Table legend:
 A = Non-vault XP
 B = Vault XP
 C = Vault XP percentage of total XP
 D = Non-vault monster count
 E = Vault monster count
 F = Vault count percentage of total count
                 A         B        C        D         E       F
            +---------+---------+-------+---------+---------+-------
      Total |    4698 |     658 |  12.3 |     190 |      14 |   6.9
            +---------+---------+-------+---------+---------+-------
        D:1 |      25 |       5 |  16.7 |      18 |       4 |  18.2
        D:2 |      94 |       0 |   0.0 |      37 |       0 |   0.0
        D:3 |      60 |       0 |   0.0 |      22 |       0 |   0.0
        D:4 |     354 |       0 |   0.0 |      17 |       0 |   0.0
        D:5 |     557 |     293 |  34.5 |      14 |       5 |  26.3
        D:6 |    1449 |       0 |   0.0 |      34 |       0 |   0.0
        D:7 |     653 |     264 |  28.8 |      12 |       2 |  14.3
        D:8 |    1208 |      96 |   7.4 |      30 |       3 |   9.1
        D:9 |     298 |       0 |   0.0 |       6 |       0 |   0.0
            +---------+---------+-------+---------+---------+-------
